Workbook

Sheet 利润测算表
A1: 创享供应链7月20日订单台账
A2: 订单日期 | B2: 产品名称 | C2: 供货单位 | D2: 采购数量 | E2: 采购金额 | F2: 销售单位 | G2: 销售数量 | H2: 销售金额 | I2: 毛利润 | J2: 毛利率
A3: =重庆飞鲟对账单!C3 -> 45127 | B3: 猪白条 | C3: 重庆山海飞鲟贸易有限公司 | D3: =重庆飞鲟对账单!G23 -> 652 | E3: =重庆飞鲟对账单!J23 -> 965410.22 | F3: 贵州农发农业有限公司 | G3: =贵州农发对账单!G24 -> 652 | H3: =贵州农发对账单!J24 -> 972147.25 | I3: =H3-E3 -> 6737.028 | J3: =I3/E3 -> 0.0069784097

Sheet 贵州农发对账单
A1: 新疆创享供应链管理服务有限公司7月20日订单台账
A2: 采购单位：上海天玑中为实业发展有限公司 | G2: 供货单位：新疆创享供应链管理服务有限公司
A3: 序号 | B3: 订单日期 | C3: 入库日期 | D3: 商品信息 | E3: 规格型号 | F3: 单位 | G3: 数量（头） | H3: 重量 | I3: 采购单价 | J3: 结算金额 | K3: 运输车号 | L3: 备注
A4: 1 | B4: 45125 | C4: 45127 | D4: 猪白条 | E4: 二级 | F4: 公斤 | G4: 182 | H4: 15980 | I4: 17.74 | J4: =H4*I4 -> 283485.2 | K4: 苏MHB558 | L4: 上海市浦东新区
A5: 2
A6: 3
A7: 4
A8: 5
A9: 6 | B9: 45125 | C9: 45127 | D9: 猪白条 | E9: 1、2、3级 | F9: 公斤 | G9: 170 | H9: 14484 | I9: 17.56 | J9: =H9*I9 -> 254339.04 | K9: 辽MQ2603 | L9: 浙江杭州余杭区
A10: 7
A11: 8
A12: 9
A13: 10
A14: 11 | B14: 45125 | C14: 45127 | D14: 猪白条 | E14: 一级 | F14: 公斤 | G14: 20 | H14: 1815.7 | I14: 17.34 | J14: =H14*I14 -> 31484.238 | K14: 吉AY8909 | L14: 浙江杭州余杭区
A15: 12 | B15: 45125 | C15: 45127 | D15: 猪白条 | E15: 二级 | F15: 公斤 | G15: 20 | H15: 1785.2 | I15: 17.34 | J15: =H15*I15 -> 30955.368
A16: 13 | B16: 45125 | C16: 45127 | D16: 猪白条 | E16: 三级 | F16: 公斤 | G16: 73 | H16: 6641.1 | I16: 17.24 | J16: =H16*I16 -> 114492.56
A17: 14 | B17: 45125 | C17: 45127 | D17: 猪白条 | E17: 四级 | F17: 公斤 | G17: 57 | H17: 5374.6 | I17: 16.74 | J17: =H17*I17 -> 89970.804
A18: 15
A19: 16 | B19: 45125 | C19: 45127 | D19: 猪白条 | E19: 1、2级 | F19: 公斤 | G19: 130 | H19: 10061.3 | I19: 16.64 | J19: =H19*I19 -> 167420.03 | K19: 黑MK1669 | L19: 河北石家庄鹿泉
A20: 17
A21: 18
A22: 19
A23: 20
G24: =SUM(G4:G23) -> 652 | J24: =SUM(J4:J23) -> 972147.25

Sheet 重庆飞鲟对账单
A1: 新疆创享供应链管理服务有限公司7月20日采购订单台账
A2: 序号 | B2: 订单日期 | C2: 入库日期 | D2: 商品信息 | E2: 规格型号 | F2: 单位 | G2: 数量（头） | H2: 重量 | I2: 采购单价 | J2: 结算金额 | K2: 运输车号 | L2: 备注
A3: 1 | B3: 45125 | C3: 45127 | D3: 猪白条 | E3: 二级 | F3: 公斤 | G3: 182 | H3: 15980 | I3: 17.62 | J3: =H3*I3 -> 281567.6 | K3: 苏MHB558 | L3: 上海市浦东新区
A4: 2
A5: 3
A6: 4
A7: 5
A8: 6 | B8: 45125 | C8: 45127 | D8: 猪白条 | E8: 1、2、3级 | F8: 公斤 | G8: 170 | H8: 14484 | I8: 17.44 | J8: =H8*I8 -> 252600.96 | K8: 辽MQ2603 | L8: 浙江杭州余杭区
A9: 7
A10: 8
A11: 9
A12: 10
A13: 11 | B13: 45125 | C13: 45127 | D13: 猪白条 | E13: 一级 | F13: 公斤 | G13: 20 | H13: 1815.7 | I13: 17.22 | J13: =H13*I13 -> 31266.354 | K13: 吉AY8909 | L13: 浙江杭州余杭区
A14: 12 | B14: 45125 | C14: 45127 | D14: 猪白条 | E14: 二级 | F14: 公斤 | G14: 20 | H14: 1785.2 | I14: 17.22 | J14: =H14*I14 -> 30741.144
A15: 13 | B15: 45125 | C15: 45127 | D15: 猪白条 | E15: 三级 | F15: 公斤 | G15: 73 | H15: 6641.1 | I15: 17.12 | J15: =H15*I15 -> 113695.63
A16: 14 | B16: 45125 | C16: 45127 | D16: 猪白条 | E16: 四级 | F16: 公斤 | G16: 57 | H16: 5374.6 | I16: 16.62 | J16: =H16*I16 -> 89325.852
A17: 15
A18: 16 | B18: 45125 | C18: 45127 | D18: 猪白条 | E18: 1、2级 | F18: 公斤 | G18: 130 | H18: 10061.3 | I18: 16.52 | J18: =H18*I18 -> 166212.68 | K18: 黑MK1669 | L18: 河北石家庄鹿泉
A19: 17
A20: 18
A21: 19
A22: 20
G23: =SUM(G3:G22) -> 652 | J23: =SUM(J3:J22) -> 965410.22
